Map: Terraform LE (Void)

Players

NightEnD

  • Race: Protoss Protoss
  • League: Master

NoRegreT - Winner!

  • Race: Zerg Zerg
  • League: Grandmaster

Event: ASL Season 5 Prime League LOTV Beta

VOD

Have the link to the VOD?

Description

Time

  • Played on: Sept. 8, 2015, 8:39 p.m.
  • Length: 5:39

All games in this series

Show
View Real Time Build Order
Export as new Build Order

NightEnD Protoss 

Build Orders: 1 Gate Expand, Mass Adepts 

Get SALT Encoding   

  12  0:00  Probe (Chrono Boost)  
  13  0:11  Probe (Chrono Boost)  
  14  0:19  Pylon  
  14  0:21  Probe (Chrono Boost)  
  15  0:37  Probe (Chrono Boost)  
  15  0:38  Gateway  
  16  0:47  Probe (Chrono Boost)  
  17  0:57  Probe (Chrono Boost)  
  18  1:07  Probe (Chrono Boost)  
  19  1:19  Nexus  
  19  1:20  Probe (Chrono Boost)  
  20  1:28  Assimilator  
  20  1:30  Probe (Chrono Boost)  
  21  1:32  Assimilator  
  21  1:40  Cybernetics Core  
  21  1:43  Probe (Chrono Boost)  
  22  1:50  Pylon  
  22  1:53  Probe (Chrono Boost)  
  23  2:08  Probe (Chrono Boost)  
  24  2:18  Mothership Core (Chrono Boost), Adept  
  28  2:31  Warp Gate  
  28  2:32  Probe (Chrono Boost)  
  28  2:36  Probe (Chrono Boost)  
  30  2:42  Probe (Chrono Boost)  
  31  2:46  Probe (Chrono Boost), Adept  
  34  2:52  Probe (Chrono Boost)  
  34  2:56  Probe (Chrono Boost)  
  36  3:01  Pylon  
  36  3:02  Probe (Chrono Boost)  
  36  3:04  Pylon  
  37  3:06  Pylon  
  37  3:08  Pylon  
  37  3:12  Probe x2 (Chrono Boost)  
  38  3:22  Probe x2 (Chrono Boost)  
  38  3:32  Probe x2 (Chrono Boost)  
  40  3:34  Pylon  
  40  3:37  Adept (Chrono Boost)  
  42  3:41  Probe (Chrono Boost)  
  42  3:42  Probe (Chrono Boost)  
  44  3:51  Probe  
  44  3:54  Probe  
  44  3:55  Gateway  
  46  4:00  Gateway  
  46  4:01  Probe  
  46  4:04  Adept (Chrono Boost)  
  46  4:06  Probe  
  44  4:11  Probe  
  41  4:18  Probe  
  41  4:21  Probe  
  41  4:23  Pylon  
  36  4:31  Probe x2  
  34  4:39  Adept  
  34  4:41  Probe  
  34  4:43  Probe  
  29  4:51  Probe  
  26  4:54  Adept  
  26  4:55  Probe  
  26  4:59  Adept  
  27  5:07  Probe  
  27  5:08  Adept  
  27  5:15  Adept  
  27  5:18  Adept  
Show
View Real Time Build Order
Export as new Build Order

NoRegreT Zerg - Winner!

Build Orders: 3 Hatch before Pool 

Get SALT Encoding   

  12  0:02  Drone  
  13  0:08  Drone  
  14  0:20  Drone, Extractor  
  14  0:21  Drone, Extractor  
  13  0:27  Overlord  
  16  0:49  Hatchery  
  15  0:51  Drone  
  15  0:55  Drone  
  17  0:58  Drone  
  18  1:13  Drone  
  19  1:23  Hatchery  
  18  1:26  Drone  
  18  1:28  Extractor  
  18  1:40  Spawning Pool  
  18  1:43  Drone  
  18  1:46  Drone  
  19  1:52  Drone  
  20  2:00  Overlord  
  20  2:02  Drone  
  21  2:08  Evolution Chamber  
  21  2:13  Drone x2  
  22  2:27  Queen  
  22  2:29  Drone  
  25  2:34  Zerg Melee Weapons Level 1  
  25  2:35  Drone  
  26  2:41  Queen  
  28  2:45  Zergling x2  
  29  2:52  Queen  
  29  2:56  Zergling x2  
  32  2:59  Zergling x2  
  33  3:10  Zergling x2  
  33  3:11  Metabolic Boost  
  34  3:16  Zergling x2  
  34  3:17  Zergling x2  
  36  3:22  Zergling x4  
  36  3:23  Zergling x4  
  36  3:27  Zergling x2  
  36  3:28  Zergling x2  
  39  3:35  Zergling x4  
  39  3:37  Overlord  
  41  3:43  Zergling x2  
  41  3:44  Zergling x2  
  41  3:52  Overlord x2  
  41  3:57  Zergling x4  
  41  4:00  Zergling x6  
  45  4:04  Zergling x4  
  45  4:07  Zergling x2  
  45  4:08  Zergling x2  
  47  4:11  Zergling x2  
  47  4:14  Zergling x2  
  47  4:16  Zergling x2  
  47  4:18  Zergling x2  
  47  4:19  Zergling x2  
  47  4:22  Zergling x2  
  48  4:24  Zergling x2  
  48  4:30  Zergling x2  
  49  4:33  Zergling x2  
  49  4:34  Zergling x2  
  49  4:36  Zergling x4  
  49  4:38  Zergling x2  
  53  4:41  Zergling x4  
  53  4:44  Zergling x2  
  55  4:50  Zergling x2  
  55  4:56  Extractor  
  55  4:57  Extractor  
  48  5:01  Zergling x4  
  48  5:03  Drone x2  
  48  5:04  Drone  
  52  5:12  Drone x4  
Tags
 
Add a new tag
Caveats
  • Supply blocks, unpowered buildings, or Contaminate may cause inaccurate times.
  • Supply counts are checked every 10 seconds.